 Dungeon Crawl Stone Soup version 0.30-a0-613-gdd512c7efb (webtiles) character file.

Game seed: 13739445548499849618

2116 wormed the Cudgeller (level 9, -6/47 HPs)
             Began as a Vine Stalker Fighter on Jan 9, 2023.
             Was a Follower of Elyvilon.
             Mangled by a vampire mosquito (7 damage)
             ... on level 5 of the Dungeon.
             The game lasted 00:07:53 (5843 turns).

wormed the Cudgeller (Vine Stalker Fighter)         Turns: 5843, Time: 00:07:54

Health: -6/47      AC:  7    Str: 22    XL:     9   Next: 29%
Magic:  0/10       EV: 11    Int:  8    God:    Elyvilon [*.....]
Gold:   315        SH:  5    Dex: 15    Spells: 8/8 levels left

rFire   . . .      SeeInvis .    o - +0 whip (venom)
rCold   . . .      Faith    .    c - +0 buckler
rNeg    . . .      Spirit   +    b - +0 scale mail
rPois   .          Reflect  .    (no helmet)
rElec   .          Harm     .    (no cloak)
rCorr   .          Rampage  .    (no gloves)
Will    +....                    (no boots) Stlth
                                 i - amulet of regeneration
HPRegen 1.87/turn                n - ring of wizardry
MPRegen 0.12/turn                (no ring)

@: mighty
A: fangs 3, regeneration 1, magic shield, antimagic bite, no potion heal 2
a: Renounce Religion, Purification


You were on level 5 of the Dungeon.
You worshipped Elyvilon.
Elyvilon was aware of your devotion.
You visited 1 branch of the dungeon, and saw 7 of its levels.

You collected 315 gold pieces.

Inventory:

Hand Weapons
 a - a +0 flail
 o - a +0 whip of venom (weapon)
Missiles
 y - 3 silver javelins
Armour
 b - a +0 scale mail (worn)
 c - a +0 buckler (worn)
Jewellery
 i - an amulet of regeneration (around neck)
 n - a ring of wizardry (left hand)
 D - a ring of protection from fire
Wands
 s - a wand of mindburst (5) (quivered)
 t - a wand of roots (10)
 u - a wand of digging (4)
Scrolls
 m - 5 scrolls of immolation
 r - a scroll of fear
 v - 6 scrolls of identify
 w - a scroll of amnesia
 B - 2 scrolls of enchant weapon {unknown}
Potions
 d - 3 potions of might
 e - a potion of flight
 f - a potion of cancellation
 g - a potion of magic
 h - 2 potions of curing {unknown}
 j - a potion of attraction {unknown}
 k - 2 potions of degeneration {unknown}
 p - 3 potions of heal wounds {unknown}
 q - a potion of berserk rage {unknown}
 x - 2 potions of ambrosia {unknown}
 z - 2 potions of lignification {unknown}
 A - a potion of resistance {unknown}
 C - 2 potions of brilliance {unknown}


   Skills:
 + Level 5.2 Fighting
 * Level 6.6 Maces & Flails
 + Level 4.7 Armour
 + Level 3.7 Dodging
 + Level 5.1 Shields


You had 8 spell levels left.
You didn't know any spells.
Your spell library contained the following spells:

 Spells                   Type           Power      Damage    Failure   Level
 Necrotise                Necr           0%         1d4       45%         1
 Static Discharge         Conj/Air       0%         2-2/arc   61%         2
 Ignite Poison            Fire/Tmut/Pois 0%         N/A       82%         3
 Kindle Blastsparks       Fire/Tloc/Air  0%         2d10      82%         3
 Vampiric Draining        Necr           0%         2d6       82%         3
 Vhi's Electric Charge    Tloc/Air       0%         N/A       82%         3
 Agony                    Necr           0%         N/A       100%        5
 Arcjolt                  Conj/Air       0%         1d10      100%        5
 Freezing Cloud           Conj/Ice/Air   0%         6-21      100%        5
 Lightning Bolt           Conj/Air       0%         1d11      100%        5


Dungeon Overview and Level Annotations

Branches:
Dungeon (7/15)             Temple (0/1) D:7

Altars:
Elyvilon
Gozag
Hepliaklqana
Wu Jian
Xom
Yredelemnul
The Shining One

Annotations:
D:5 3 runed translucent doors, acebull12's ghost, novice OpEn


Innate Abilities, Weirdness & Mutations

You have razor-sharp teeth.
Your natural rate of healing is unusually fast.
When hurt, damage is shared between your health and your magic reserves.
Your bite disrupts and absorbs the magic of your enemies.
Potions cannot restore your health.


Message History

* * * LOW HITPOINT WARNING * * *
The vampire mosquito draws strength from your injuries!
The vampire mosquito closely misses you.
The vampire mosquito bites you.
* * * LOW HITPOINT WARNING * * *
The vampire mosquito draws strength from your injuries!
A mysterious force pulls you upwards. The hatch slams shut behind you.
Level annotation: 3 runed translucent doors, acebull12's ghost, novice OpEn The vampire mosquito attacks as you move away!
You block the vampire mosquito's attack.
The vampire mosquito bites you!
* * * LOW HITPOINT WARNING * * *
The vampire mosquito draws strength from your injuries!
Magic courses through your body. The vampire mosquito barely misses you.
The vampire mosquito closely misses you.
Aiming: Mindburst
Press: ? - help, Q - select action, (/) - cycle Shift-Dir - straight line, f - vampire mosquito
Aim: a vampire mosquito (lightly damaged, chance to affect: 64%)
The vampire mosquito struggles to resist.
The vampire mosquito misses you.
The vampire mosquito bites you but does no damage.
Aiming: Mindburst
Press: ? - help, Q - select action, (/) - cycle Shift-Dir - straight line, f/p - vampire mosquito
Aim: a vampire mosquito (lightly damaged, chance to affect: 64%)
The vampire mosquito struggles to resist.
The vampire mosquito bites you!
* * * LOW HITPOINT WARNING * * *
The vampire mosquito draws strength from your injuries!
The vampire mosquito bites you.
* * * LOW HITPOINT WARNING * * *
The vampire mosquito draws strength from your injuries!
Aiming: Mindburst
Press: ? - help, Q - select action, (/) - cycle Shift-Dir - straight line, f/p - vampire mosquito
Aim: a vampire mosquito (chance to affect: 64%)
The vampire mosquito struggles to resist.
The vampire mosquito bites you!
* * * LOW HITPOINT WARNING * * *
The vampire mosquito draws strength from your injuries!
The vampire mosquito bites you!
You die...

..# #.# #.# .######.####
########.# .........†.#
#........# ...........#
#.######## ...####.#..#
####.#### #### ###..#
#.......# #..# #.##.##.#
#..####.##.##.#
#.......@yy...#
########.####.##.#..#
#.............##.#..#
#.######.#.#........######
##....# ###<...#..........#
##..##.#####...........###.#
..........##....#..#.#.###(#
..........##.#.##..#.......#
########...............###.#


You could see 2 vampire mosquitoes.

Vanquished Creatures
  Prince Ribbit (D:6)
  Eustachio (D:6)
  2 steam dragons (D:7)
  A vampire mosquito (D:6)
  2 water moccasins
  2 ogres
  A phantom (D:6)
  A necrophage (D:5)
  3 scorpions
  A howler monkey (D:6)
  A jelly (D:6)
  5 hounds
  2 orc priests
  5 iguanas
  3 orc wizards
  A mummy (D:5)
  6 gnolls
  6 adders
  An ufetubus (D:6)
  4 worms
  18 orcs
  6 endoplasms
  6 giant cockroaches
  5 hobgoblins
  8 jackals
  4 quokkas
  11 ball pythons
  4 bats
  3 frilled lizards
  6 goblins
  8 kobolds
  3 kobold zombies (D:5)
  An orc zombie (D:5)
  9 rats
141 creatures vanquished.

Vanquished Creatures (others)
  An orc (D:7)
1 creature vanquished.

Grand Total: 142 creatures vanquished

Notes
Turn   | Place    | Note
-------+----------+-------------------------------------------
     0 | D:1      | wormed the Vine Stalker Fighter began the quest for the
                  | Orb.
     0 | D:1      | Reached XP level 1. HP: 11/11 MP: 2/2
   196 | D:1      | Reached skill level 2 in Maces & Flails
   196 | D:1      | Reached XP level 2. HP: 16/16 MP: 3/3
   685 | D:1      | Reached XP level 3. HP: 10/19 MP: 2/4
  1114 | D:2      | Found a faded altar of an unknown god.
  1388 | D:2      | Reached skill level 1 in Dodging
  1771 | D:3      | Gained mutation: Your natural rate of healing is unusually
                  | fast. [Vine Stalker growth]
  1771 | D:3      | Reached XP level 4. HP: 24/24 MP: 5/5
  2392 | D:3      | Found a shimmering altar of Xom.
  2497 | D:3      | Found a white marble altar of Elyvilon.
  2718 | D:4      | Reached skill level 3 in Maces & Flails
  2718 | D:4      | Reached XP level 5. HP: 26/28 MP: 3/6
  2748 | D:4      | Noticed an ogre
  2914 | D:4      | Killed an ogre
  2915 | D:4      | Reached XP level 6. HP: 32/32 MP: 5/7
  2991 | D:4      | Found an ornate altar of the Wu Jian Council.
  2993 | D:4      | Found a hazy altar of Hepliaklqana.
  3656 | D:5      | Entered Level 5 of the Dungeon
  3656 | D:5      | Found a glowing golden altar of the Shining One.
  3681 | D:5      | Found an opulent altar of Gozag.
  3727 | D:5      | Reached skill level 4 in Maces & Flails
  3741 | D:5      | Noticed a water moccasin
  3911 | D:5      | Reached XP level 7. HP: 36/37 MP: 6/8
  4033 | D:5      | Noticed acebull12's ghost (novice OpEn)
  4210 | D:5      | Found a runed translucent gate.
  4211 | D:5      | Found a runed translucent gate.
  4211 | D:5      | Found a runed translucent gate.
  4533 | D:3      | Became a worshipper of Elyvilon the Healer
  4689 | D:6      | Noticed Eustachio
  4733 | D:6      | Reached skill level 5 in Maces & Flails
  4733 | D:6      | Gained mutation: You have razor-sharp teeth. [Vine Stalker
                  | growth]
  4733 | D:6      | Reached XP level 8. HP: 42/42 MP: 9/9
  4753 | D:6      | Killed Eustachio
  4778 | D:6      | Noticed Prince Ribbit
  4790 | D:6      | Killed Prince Ribbit
  5044 | D:6      | Found a basalt altar of Yredelemnul.
  5162 | D:6      | Reached skill level 6 in Maces & Flails
  5248 | D:6      | Reached * piety under Elyvilon
  5365 | D:7      | Found a staircase to the Ecumenical Temple.
  5435 | D:7      | Reached XP level 9. HP: 43/46 MP: 8/10
  5495 | D:7      | Reached skill level 5 in Fighting
  5714 | D:7      | Reached skill level 5 in Shields
  5827 | D:6      | HP: 2/47 [vampire mosquito (9)]
  5839 | D:5      | HP: 2/47 [vampire mosquito (9)]
  5843 | D:5      | Mangled by a vampire mosquito

Illustrated notes

Levels and vault maps discovered:
D:1:      dpeg_arrival_tiny_d, layout_basic, roderic_serpentine_path,
          minmay_misc_feat_plants
D:2:      layout_loops_ring, chequers_ecumenical_altar_simple_redux,
          minivault_5, nicolae_concentric_dashed_squares_wild,
          chequers_serial_rivers_room_b
D:3:      kb_forest_paths, layout_loops_corners, nicolae_overflow_hidden_temple,
          xom_teletrap_fun
D:4:      layout_basic, chequers_temple_overflow_statue_of_worship,
          minmay_diced_spiral
D:5:      layout_loops_ring, mainiacjoe_overflow_large_starburst,
          gammafunk_ghost_split, minmay_mini_ossuary
D:6:      layout_gridville, kennysheep_mini_moat, uniq_prince_ribbit1,
          uniq_eustachio
D:7:      layout_basic, old_standard_altar, minmay_temple_entry_junction_2,
          grunt_ministairs_6, minmay_misc_feat_encased

Skill      XL: |  1  2  3  4  5  6  7  8  9 |
---------------+----------------------------+-----
Maces & Flails | 2 3 4 5 6 |  6.6
Fighting       | 3 4 5 |  5.2
Shields        | 3 4 5 |  5.1
Dodging        | 1 2 3 |  3.7
Armour         | 3 4 |  4.7

Action                   |  1- 3 |  4- 6 |  7- 9 || total
-------------------------+-------+-------+-------++-------
Melee: Flail             |   114 |    73 |       ||   187
       Bite              |    18 |    52 |    66 ||   136
       Whip              |       |    89 |   211 ||   300
Evoke: Wand              |       |     5 |     5 ||    10
  Use: Scroll            |     4 |     6 |     5 ||    15
       Potion            |       |       |     2 ||     2
Armor: Scale mail        |    52 |    53 |    79 ||   184
Dodge: Dodged            |    61 |    62 |   120 ||   243
Block: Buckler           |    28 |    39 |    65 ||   132

Table legend: (Time is in decaauts)
 A = Elapsed time spent in this place.
 B = Non-inter-level travel time spent in this place.
 C = Inter-level travel time spent in this place.
 D = Time resting spent in this place.
 E = Time spent auto-exploring this place.
 F = Levels seen in this place.
 G = Mean time per level.
                   A        B        C        D        E       F      G
               +--------+--------+--------+--------+--------+-----+--------+
         Total |   5870 |   5390 |    480 |      7 |   4335 |   7 |  838.6 |
       Dungeon |   5870 |   5390 |    480 |      7 |   4335 |   7 |  838.6 |
               +--------+--------+--------+--------+--------+-----+--------+

Top non-repeatable levels by time:
     D:3: 1179 daAuts
     D:1: 990 daAuts
     D:4: 973 daAuts
     D:5: 821 daAuts
     D:6: 740 daAuts
     D:2: 739 daAuts
     D:7: 425 daAuts
